 Dungeon Crawl Stone Soup version 0.31-a0-210-gccc998df9b (webtiles) character file.

Game seed: 7316381796351859407

77620 qw the Warrior (level 15, -15/105 HPs)
             Began as a Gargoyle Hexslinger on June 29, 2023.
             Was a High Priest of Okawaru.
             Hit by a large rock thrown by a cyclops (34 damage)
             ... on level 14 of the Dungeon.
             The game lasted 00:09:10 (17188 turns).

qw the Warrior (Gargoyle Hexslinger)               Turns: 17188, Time: 00:09:11

Health: -15/105    AC: 24    Str: 18    XL:     15   Next: 57%
Magic:  22/22      EV: 25    Int: 15    God:    Okawaru [*****.]
Gold:   1381       SH:  5    Dex: 24    Spells: 15/16 levels left

rFire   + . .        Y - +3 orcbow (drain)
rCold   . . .        (shield currently unavailable)
rNeg    + . .        u - +1 robe of the Vaults {rF+ Dex+6}
rPois   inf          v - +0 helmet "Yxtirofe" {Slay+5}
rElec   +            o - +0 cloak
rCorr   .            a - +0 pair of gloves
SInv    .            p - +4 pair of boots of Modesty {rPois Str+6}
Will    +....        j - amulet of reflection
Stlth   ++           r - +5 ring of evasion
HPRegen 0.37/turn    b - +4 ring of slaying {mikee}
MPRegen 0.18/turn

%: reflection
@: flying
A: sickness immunity, AC +11, big wings, negative energy resistance 1,
electricity resistance, torment resistance 1, petrification resistance
a: Renounce Religion, Heroism, Finesse, Duel


You were on level 14 of the Dungeon.
You worshipped Okawaru.
Okawaru was extremely pleased with you.
You visited 3 branches of the dungeon, and saw 20 of its levels.

You collected 1765 gold pieces.
You spent 384 gold pieces at shops.


Innate Abilities, Weirdness & Mutations

You are immune to sickness and miasma.
Your stone body is resilient. (AC +11)
You are immune to poison.
Your large and strong wings let you fly.
You resist negative energy. (rN+)
You are resistant to electric shocks. (rElec)
You are resistant to unholy torment.
You are immune to petrification.


   Skills:
 - Level 16.4 Fighting
 - Level 16.0 Ranged Weapons
 - Level 9.0 Armour
 + Level 9.7 Dodging
 - Level 1.0 Spellcasting
 - Level 2.6 Hexes
 - Level 10.0 Invocations


You had 15 spell levels left.
You knew the following spells:

 Your Spells              Type           Power      Damage    Failure   Level
a - Slow                  Hex            32%        N/A       9%          1

Your spell library contained the following spells:

 Spells                   Type           Power      Damage    Failure   Level
 Inner Flame              Hex/Fire       4%         N/A       38%         3
 Portal Projectile        Hex/Tloc       8%         N/A       38%         3
 Cause Fear               Hex            4%         N/A       63%         4

Inventory:

Hand Weapons
 Y - a +3 orcbow of draining (weapon)
Armour
 a - a +0 pair of gloves (worn)
 o - a +0 cloak (worn)
 p - the +4 pair of boots of Modesty (worn) {rPois Str+6}
   (Okawaru gifted it to you on level 3 of the Lair of Beasts)

   Str:       It affects your strength (+6).
   rPois:     It protects you from poison.
 u - the +1 robe of the Vaults (worn) {rF+ Dex+6}
   (Okawaru gifted it to you on level 13 of the Dungeon)

   Dex:       It affects your dexterity (+6).
   rF:        It protects you from fire.
 v - the +0 helmet "Yxtirofe" (worn) {Slay+5}
   (You found it on level 13 of the Dungeon)

   Slay:      It affects your accuracy & damage with ranged weapons and melee
   (+5).
Jewellery
 b - a +4 ring of slaying (right hand) {mikee}
 h - a ring of fire
 j - an amulet of reflection (around neck)
 l - a ring of protection from fire
 r - a +5 ring of evasion (left hand)
Scrolls
 m - 8 scrolls of identify
Potions
 d - 9 potions of curing
 f - 4 potions of haste
 g - a potion of mutation
 i - 4 potions of might
 k - 2 potions of resistance
 s - a potion of magic

Dungeon Overview and Level Annotations

Branches:
Dungeon (14/15)            Temple (1/1) D:7            Lair (5/5) D:8
 Shoals (0/4) Lair:3        Snake (0/4) Lair:2        Slime (0/5) Lair:5
    Orc (0/2) D:10         Vaults (0/5) D:13

Altars:
Ashenzari
Cheibriados
Dithmenos
Elyvilon
Fedhas
Gozag
Hepliaklqana
Kikubaaqudgha
Makhleb
Nemelex Xobeh
Okawaru
Qazlal
Ru
Sif Muna
Trog
Uskayaw
Vehumet
Wu Jian
Xom
Yredelemnul
Zin
The Shining One
Jiyva
Lugonu

Shops:
D:5 [   D:7 *

Portals:
Abyss: Lair:5

Annotations:
Lair:2 2 transporters
Lair:5 1 runed translucent door, qw's ghost, journeyman GrFi


Message History

The meliai misses you. The meliai completely misses you.
The four-headed hydra bites you.
The four-headed hydra bites you but does no damage. x3
The meliai completely misses you. You block the meliai's attack.
You shoot an arrow. The arrow hits the four-headed hydra!!!
You kill the four-headed hydra!
Okawaru accepts your kill. You block the meliai's attack.
The meliai stings you. You block the meliai's attack.
The meliai completely misses you.
You shoot an arrow. The arrow hits the meliai!!
You kill the meliai!
Okawaru accepts your kill.
You shoot an arrow. The arrow hits the meliai!!
You drain the meliai!
You kill the meliai!
Okawaru accepts your kill.
Your surroundings suddenly seem different.
A cyclops comes into view.
Found 2 stones.
Enter note: You shoot an arrow.
The arrow closely misses the white ugly thing.
The white ugly thing gurgles horribly!
You shoot an arrow. The arrow hits the white ugly thing!!
You drain the white ugly thing!
The white ugly thing is heavily wounded.
You shoot an arrow.
The arrow barely misses the white ugly thing.
You shoot an arrow.
The arrow barely misses the white ugly thing.
You shoot an arrow.
The arrow completely misses the white ugly thing.
The arrow hits the meliai but does no damage.
You drain the meliai.
The meliai is lightly wounded.
You shoot an arrow. The arrow hits the meliai!!
You kill the meliai!
Okawaru accepts your kill.
You feel like a meek peon again.
The cyclops throws a large rock.
The large rock hits you!!
You die...

#....... #..#... #..#...
#...... #....(# #.....#
.##.....#### .##.
..C....@...# # ..#.
###...####.# #. ....
#...####.#####. #....
##....#........#.##...#.
..)............(....#...
.... #.....>...........
..... #...............).
......#%................
......y........[........


You could see a cyclops.

Vanquished Creatures
  Gastronok (Lair:3)
  Snorg (Lair:4)
  A catoblepas (Lair:3)
  6 hydras
  Harold (Lair:1)
  3 boulder beetles
  Erica (D:9)
  2 centaur warriors (D:13)
  6 two-headed ogres
  3 thrashing horrors (Lair:5)
  Nergalle (Lair:3)
  3 skeletal warriors (D:12)
  Amaemon (Lair:1)
  A skyshark (Lair:5)
  Lodul (D:12)
  A wizard (D:13)
  2 necromancers
  A deep elf pyromancer (D:13)
  An oklob plant (Lair:4)
  A salamander (Lair:2)
  7 ugly things
  A cyclops (D:13)
  3 large abominations (Lair:5)
  2 manticores
  Joseph (D:9)
  12 elephants
  2 centaur zombies (D:13)
  3 smoke demons (Lair:5)
  5 black mambas
  A torpor snail (Lair:1)
  Psyche (D:8)
  Maggie (Lair:1)
  A rime drake (Lair:2)
  An orange demon (Lair:1)
  11 cane toads
  15 komodo dragons
  A kobold demonologist (D:12)
  An ancient zyme (Lair:5)
  6 meliai (D:14)
  2 polar bears
  8 trolls
  A hornet (D:8)
  29 blink frogs
  13 slime creatures
  A ynoxinul (Lair:5)
  A vampire (D:11)
  2 spriggans (Lair:5)
  3 wyverns
  A wraith (D:13)
  82 yaks
  A human (shapeshifter) (Lair:5)
  8 vampire mosquitoes
  6 basilisks
  A chaos spawn (Lair:5)
  A steam dragon (D:9)
  An acid dragon (D:10)
  16 water moccasins
  2 orc warriors
  7 black bears
  A sky beast (D:7)
  An ice beast (D:7)
  7 ogres
  11 wolves
  8 centaurs
  A kobold brigand (D:9)
  10 small abominations (Lair:5)
  A gnoll sergeant (D:12)
  8 bullfrogs
  2 scorpions
  15 wights
  4 killer bees (D:10)
  2 electric eels (D:9)
  5 howler monkeys
  A crimson imp (D:6)
  3 bullfrog zombies (D:7)
  3 lava snakes (Lair:2)
  2 jellies
  4 orc priests
  4 hounds
  3 iguanas
  A sleepcap (D:4)
  5 orc wizards
  A hell rat (D:8)
  3 polar bear simulacra (Lair:5)
  4 wolf simulacra (Lair:5)
  3 howler monkey zombies (D:7)
  3 gnolls (D:12)
  8 adders
  2 white imps (D:6)
  A worm (D:2)
  2 dart slugs
  21 orcs
  7 endoplasms
  A giant cockroach (D:4)
  7 goblins
  4 hobgoblins
  8 jackals
  8 quokkas
  10 ball pythons
  4 bats
  3 frilled lizards
  10 kobolds
  22 rats
  4 river rat simulacra (Lair:5)
537 creatures vanquished.

Notes
Turn   | Place    | Note
-------+----------+-------------------------------------------
     0 | D:1      | qw the Gargoyle Hexslinger began the quest for the Orb.
     0 | D:1      | Reached XP level 1. HP: 12/12 MP: 2/2
     0 | D:1      | 0 ||| qw: Version: 0.3-a-24-ga2abf7b
     0 | D:1      | 0 ||| qw: Game counter: 6876
     0 | D:1      | 0 ||| qw: Melee chars always use a shield: true
     0 | D:1      | 0 ||| qw: God list: Okawaru
     0 | D:1      | 0 ||| qw: Allow faded altars: false
     0 | D:1      | 0 ||| qw: Do Orc after clearing Dungeon:15 true
     0 | D:1      | 0 ||| qw: Do second Lair branch before Depths: true
     0 | D:1      | 0 ||| qw: Lair rune preference: random
     0 | D:1      | 0 ||| qw: Goals: Normal
     0 | D:1      | 0 ||| PLANNING D:1-11
    33 | D:1      | HP: 2/12 [jackal (2)]
    37 | D:1      | Reached XP level 2. HP: 3/16 MP: 3/3
    53 | D:1      | 53 ||| FLEEEEING.
   163 | D:1      | Reached skill level 3 in Ranged Weapons
   329 | D:1      | Reached XP level 3. HP: 21/21 MP: 4/4
   680 | D:1      | 680 ||| UPGRADING to +6 ring of strength.
   681 | D:1      | 681 ||| READING scroll labelled JASHRA RELYTZEJAXT.
   682 | D:1      | 682 ||| READING scroll labelled ZUPOIM TAVVO.
   687 | D:1      | 687 ||| READING scroll labelled VORCHI ORIFISS.
   688 | D:1      | 688 ||| DRINKING 2 purple potions.
   689 | D:1      | 689 ||| DROPPING scroll of poison.
  1013 | D:2      | Reached XP level 4. HP: 24/26 MP: 5/5
  1171 | D:2      | 1171 ||| UPGRADING to +0 leather armour.
  1181 | D:2      | 1181 ||| DROPPING +0 robe.
  1182 | D:2      | 1182 ||| UPGRADING to ring of protection from cold.
  1183 | D:2      | 1183 ||| READING scroll labelled PUPHEC HATIOD.
  1184 | D:2      | 1184 ||| READING scroll labelled GAILLUVEIM.
  1185 | D:2      | 1185 ||| READING scroll labelled LAOM DOTHEK.
  1186 | D:2      | 1186 ||| DRINKING 3 viscous coppery potions.
  1807 | D:3      | Reached XP level 5. HP: 23/30 MP: 6/6
  2215 | D:3      | 2215 ||| UPGRADING to +0 ring mail of fire resistance.
  2225 | D:3      | 2225 ||| DROPPING +0 leather armour.
  2226 | D:3      | 2226 ||| UPGRADING to +4 ring of protection.
  2228 | D:3      | 2228 ||| READING scroll labelled PEM ETAWNEGIT.
  2229 | D:3      | 2229 ||| READING scroll labelled HUDEDO FU SYGY.
  2230 | D:3      | 2230 ||| DRINKING 2 golden potions.
  2231 | D:3      | 2231 ||| READING 4 scrolls of identify.
  2231 | D:3      | 2231 ||| IDENTIFYING bubbling black potion
  2232 | D:3      | 2232 ||| READING 3 scrolls of identify.
  2232 | D:3      | 2232 ||| IDENTIFYING bubbling pink potion
  2233 | D:3      | 2233 ||| READING 2 scrolls of identify.
  2233 | D:3      | 2233 ||| IDENTIFYING fuming amethyst potion
  2234 | D:3      | 2234 ||| DROPPING potion of attraction.
  2235 | D:3      | 2235 ||| DROPPING potion of brilliance.
  2236 | D:3      | 2236 ||| DROPPING potion of berserk rage.
  2237 | D:3      | 2237 ||| DROPPING potion of lignification.
  2397 | D:4      | Reached skill level 1 in Armour
  2552 | D:4      | Reached skill level 3 in Fighting
  2579 | D:4      | Noticed a black bear
  2588 | D:4      | Killed a black bear
  2589 | D:4      | Reached XP level 6. HP: 31/37 MP: 7/7
  2625 | D:4      | 2625 ||| FLEEEEING.
  2816 | D:4      | Reached skill level 6 in Ranged Weapons
  2905 | D:4      | 2905 ||| UPGRADING to +0 pair of gloves.
  2910 | D:4      | 2910 ||| DROPPING ring of ice.
  2911 | D:4      | 2911 ||| DRINKING 3 brown potions.
  2933 | D:5      | Entered Level 5 of the Dungeon
  3013 | D:5      | You fall into a shaft and drop 1 floor!
  3070 | D:5      | Reached XP level 7. HP: 41/43 MP: 8/8
  3078 | D:5      | 3078 ||| SWAPPING to +2 orcbow of freezing.
  3079 | D:5      | 3079 ||| DROPPING +2 sling of flaming.
  3420 | D:5      | Found Neptor's Antique Armour Emporium.
  3428 | D:5      | 3428 ||| SHOPLISTING glowing helmet (187 gold, have 161).
  3881 | D:6      | Reached XP level 8. HP: 48/48 MP: 9/9
  4017 | D:6      | HP: 10/48 [ogre/+0 giant spiked club (12)]
  4018 | D:6      | 4018 ||| READING 2 scrolls of teleportation.
  4261 | D:6      | Found a burning altar of Makhleb.
  4311 | D:6      | 4311 ||| READING scroll labelled QAFUETYEDI.
  4312 | D:6      | 4312 ||| READING 2 scrolls of identify.
  4312 | D:6      | 4312 ||| IDENTIFYING ruby potion
  4424 | D:7      | Found a staircase to the Ecumenical Temple.
  4425 | D:7      | 4425 ||| PLANNING TEMPLE
  4425 | D:7      | 4425 ||| UPGRADING to +4 ring of slaying {mikee}.
  4427 | D:7      | 4427 ||| DROPPING +6 ring of strength.
  4428 | D:7      | 4428 ||| DROPPING ring of protection from cold.
  4429 | D:7      | 4429 ||| READING 2 scrolls of identify.
  4429 | D:7      | 4429 ||| IDENTIFYING cyan potion
  4430 | D:7      | 4430 ||| DROPPING potion of ambrosia.
  4435 | Temple   | Entered the Ecumenical Temple
  4436 | Temple   | 4436 ||| PLANNING OKAWARU WORSHIP
  4649 | Temple   | Became a worshipper of Warmaster Okawaru
  4650 | Temple   | 4650 ||| PLANNING D:1-11
  4675 | D:7      | Reached skill level 9 in Ranged Weapons
  4713 | D:7      | Reached skill level 6 in Fighting
  4753 | D:7      | Reached * piety under Okawaru
  4761 | D:7      | Reached skill level 1 in Invocations
  4761 | D:7      | Reached XP level 9. HP: 55/55 MP: 10/10
  4905 | D:7      | Reached skill level 3 in Invocations
  5007 | D:7      | Found Pumeg's General Store.
  5014 | D:7      | 5014 ||| BUYING amulet of reflection (360 gold).
  5014 | D:7      | Bought an amulet of reflection for 360 gold pieces
  5014 | D:7      | 5014 ||| BUYING scroll of identify (24 gold).
  5014 | D:7      | Bought a scroll of identify for 24 gold pieces
  5093 | D:7      | 5093 ||| UPGRADING to amulet of reflection.
  5098 | D:7      | 5098 ||| READING 3 scrolls of identify.
  5098 | D:7      | 5098 ||| IDENTIFYING fizzy green potion
  5157 | D:8      | Noticed Psyche
  5158 | D:8      | 5158 ||| INVOKING Heroism.
  5171 | D:8      | 5171 ||| INVOKING Heroism.
  5175 | D:8      | Killed Psyche
  5181 | D:8      | Reached ** piety under Okawaru
  5202 | D:8      | 5202 ||| INVOKING Heroism.
  5246 | D:8      | Found a staircase to the Lair.
  5247 | D:8      | 5247 ||| INVOKING Heroism.
  5371 | D:8      | Noticed a hornet
  5380 | D:8      | Killed a hornet
  5531 | D:8      | Noticed a two-headed ogre
  5532 | D:8      | 5532 ||| INVOKING Heroism.
  5538 | D:8      | Killed a two-headed ogre
  5539 | D:8      | Reached XP level 10. HP: 63/63 MP: 10/13
  5682 | D:8      | Found an ancient bone altar of Kikubaaqudgha.
  5939 | D:8      | 5939 ||| PLANNING LAIR
  5939 | D:8      | 5939 ||| UPGRADING to +0 cloak.
  5944 | D:8      | 5944 ||| UPGRADING to +0 helmet.
  5949 | D:8      | 5949 ||| READING scroll labelled FENIEVO LAPEE.
  5998 | Lair:1   | Entered Level 1 of the Lair of Beasts
  5999 | Lair:1   | 5999 ||| INVOKING Heroism.
  6002 | Lair:1   | Reached skill level 3 in Armour
  6006 | Lair:1   | Noticed a cane toad
  6012 | Lair:1   | 6012 ||| STAIRDANCE
  6014 | D:8      | HP: 15/63 [yak (1)]
  6015 | D:8      | 6015 ||| READING scroll of teleportation.
  6016 | D:8      | 6016 ||| DRINKING potion of heal wounds.
  6135 | D:8      | 6135 ||| INVOKING Heroism.
  6150 | D:8      | Reached skill level 3 in Dodging
  6150 | D:8      | 6150 ||| FLEEEEING.
  6151 | D:8      | 6151 ||| FLEEEEING.
  6152 | D:8      | 6152 ||| STAIRDANCE
  6154 | D:7      | 6154 ||| INVOKING Heroism.
  6193 | Lair:1   | 6193 ||| STAIRDANCE
  6195 | D:8      | 6195 ||| INVOKING Heroism.
  6199 | D:8      | Killed a cane toad
  6280 | Lair:1   | 6280 ||| INVOKING Heroism.
  6284 | Lair:1   | Reached skill level 12 in Ranged Weapons
  6289 | Lair:1   | 6289 ||| STAIRDANCE
  6291 | D:8      | Reached *** piety under Okawaru
  6316 | D:8      | 6316 ||| INVOKING Heroism.
  6482 | Lair:1   | Noticed a cane toad
  6483 | Lair:1   | 6483 ||| INVOKING Heroism.
  6491 | Lair:1   | Killed a cane toad
  6492 | Lair:1   | Reached XP level 11. HP: 68/68 MP: 12/14
  6518 | Lair:1   | 6518 ||| INVOKING Heroism.
  6541 | Lair:1   | Noticed Harold
  6542 | Lair:1   | 6542 ||| INVOKING Heroism.
  6553 | Lair:1   | Noticed Amaemon
  6555 | Lair:1   | 6555 ||| Stepping ~*~*~tactically~*~*~ (outnumbered).
  6559 | Lair:1   | 6559 ||| INVOKING Heroism.
  6574 | Lair:1   | Reached skill level 9 in Fighting
  6583 | Lair:1   | Killed Harold
  6592 | Lair:1   | HP: 17/71 [orange demon[Amaemon] (5)]
  6595 | Lair:1   | 6595 ||| INVOKING Heroism.
  6617 | Lair:1   | Reached **** piety under Okawaru
  6619 | Lair:1   | 6619 ||| FLEEEEING.
  6626 | Lair:1   | 6626 ||| FLEEEEING.
  6627 | Lair:1   | 6627 ||| FLEEEEING.
  6642 | Lair:1   | 6642 ||| FLEEEEING.
  6643 | Lair:1   | 6643 ||| FLEEEEING.
  6648 | Lair:1   | 6648 ||| FLEEEEING.
  6652 | Lair:1   | 6652 ||| FLEEEEING.
  6653 | Lair:1   | 6653 ||| FLEEEEING.
  6654 | Lair:1   | 6654 ||| STAIRDANCE
  6786 | Lair:1   | 6786 ||| INVOKING Heroism.
  6800 | Lair:1   | Killed Amaemon
  6878 | Lair:1   | 6878 ||| INVOKING Heroism.
  7008 | Lair:1   | 7008 ||| INVOKING Heroism.
  7008 | Lair:1   | Noticed Maggie
  7023 | Lair:1   | Killed Maggie
  7177 | Lair:1   | 7177 ||| INVOKING Heroism.
  7183 | Lair:1   | Reached skill level 6 in Invocations
  7326 | Lair:1   | 7326 ||| INVOKING Heroism.
  7531 | Lair:1   | 7531 ||| UPGRADING to +2 steam dragon scales.
  7541 | Lair:1   | 7541 ||| DROPPING scarf of harm.
  7542 | Lair:1   | 7542 ||| READING 4 scrolls of identify.
  7542 | Lair:1   | 7542 ||| IDENTIFYING emerald potion
  7543 | Lair:1   | 7543 ||| DROPPING potion of degeneration.
  7587 | Lair:2   | 7587 ||| INVOKING Heroism.
  7675 | Lair:2   | 7675 ||| FLEEEEING.
  7676 | Lair:2   | 7676 ||| FLEEEEING.
  7677 | Lair:2   | 7677 ||| FLEEEEING.
  7678 | Lair:2   | 7678 ||| FLEEEEING.
  7679 | Lair:2   | 7679 ||| FLEEEEING.
  7691 | Lair:2   | Reached XP level 12. HP: 77/77 MP: 17/17
  7700 | Lair:2   | 7700 ||| INVOKING Heroism.
  7752 | Lair:2   | 7752 ||| FLEEEEING.
  7753 | Lair:2   | 7753 ||| FLEEEEING.
  7754 | Lair:2   | 7754 ||| STAIRDANCE
  7756 | Lair:1   | 7756 ||| READING 4 scrolls of identify.
  7756 | Lair:1   | 7756 ||| IDENTIFYING metallic brown potion
  7757 | Lair:1   | 7757 ||| DROPPING potion of invisibility.
  7760 | Lair:2   | 7760 ||| STAIRDANCE
  7832 | Lair:2   | 7832 ||| STAIRDANCE
  7834 | Lair:1   | 7834 ||| INVOKING Heroism.
  7960 | Lair:2   | 7960 ||| STAIRDANCE
  8247 | Lair:2   | Found a transporter.
  8275 | Lair:2   | Reached ***** piety under Okawaru
  8297 | Lair:2   | 8297 ||| INVOKING Heroism.
  8330 | Lair:2   | Found a transporter.
  8374 | Lair:2   | Reached skill level 9 in Invocations
  8655 | Lair:2   | Found a hazy altar of Hepliaklqana.
  8732 | Lair:2   | 8732 ||| READING scroll of enchant weapon.
  8732 | Lair:2   | 8732 ||| ENCHANTING +2 orcbow of freezing.
  8755 | Lair:2   | Found a staircase to the Snake Pit.
  8757 | Lair:2   | 8757 ||| Stepping ~*~*~tactically~*~*~ (outnumbered).
  8759 | Lair:2   | 8759 ||| Stepping ~*~*~tactically~*~*~ (outnumbered).
  8767 | Lair:2   | Reached skill level 15 in Ranged Weapons
  8767 | Lair:2   | 8767 ||| FLEEEEING.
  8848 | Lair:2   | 8848 ||| FLEEEEING.
  8849 | Lair:2   | 8849 ||| FLEEEEING.
  8960 | Lair:2   | 8960 ||| FLEEEEING.
  9041 | Lair:2   | 9041 ||| UPGRADING to +5 ring of evasion.
  9043 | Lair:2   | 9043 ||| DROPPING +4 ring of protection.
  9044 | Lair:2   | 9044 ||| READING scroll labelled QUWUFUF TONICH.
  9045 | Lair:2   | 9045 ||| READING scroll labelled ERIWIC HEVEOMENUOCK.
  9046 | Lair:2   | 9046 ||| READING 4 scrolls of identify.
  9046 | Lair:2   | 9046 ||| IDENTIFYING bubbling clear potion
  9079 | Lair:3   | Noticed an eight-headed hydra
  9080 | Lair:3   | 9080 ||| INVOKING Heroism.
  9087 | Lair:3   | Killed an eight-headed hydra
  9210 | Lair:3   | Noticed Gastronok
  9211 | Lair:3   | 9211 ||| INVOKING Heroism.
  9227 | Lair:3   | Killed Gastronok
  9275 | Lair:3   | Found a staircase to the Shoals.
  9299 | Lair:3   | Noticed a catoblepas
  9300 | Lair:3   | 9300 ||| INVOKING Heroism.
  9301 | Lair:3   | 9301 ||| INVOKING Finesse.
  9316 | Lair:3   | Killed a catoblepas
  9316 | Lair:3   | Identified the +4 pair of boots of Modesty {rPois Str+6}
                  | (Okawaru gifted it to you on level 3 of the Lair of Beasts)
  9316 | Lair:3   | Received a gift from Okawaru
  9468 | Lair:3   | Reached XP level 13. HP: 82/82 MP: 20/20
  9531 | Lair:3   | Noticed Nergalle
  9532 | Lair:3   | 9532 ||| INVOKING Heroism.
  9545 | Lair:3   | Killed Nergalle
  9818 | Lair:3   | 9818 ||| INVOKING Heroism.
 10000 | Lair:3   | 10000 ||| UPGRADING to +2 hat.
 10010 | Lair:3   | 10010 ||| UPGRADING to +4 pair of boots of Modesty {rPois
                  | Str+6}.
 10015 | Lair:3   | 10015 ||| DROPPING +0 helmet.
 10092 | Lair:4   | 10092 ||| INVOKING Heroism.
 10125 | Lair:4   | Noticed Snorg
 10126 | Lair:4   | 10126 ||| INVOKING Heroism.
 10127 | Lair:4   | 10127 ||| INVOKING Finesse.
 10141 | Lair:4   | Killed Snorg
 10216 | Lair:4   | 10216 ||| INVOKING Heroism.
 10227 | Lair:4   | Reached skill level 6 in Armour
 10484 | Lair:4   | 10484 ||| INVOKING Heroism.
 10485 | Lair:4   | 10485 ||| INVOKING Finesse.
 10613 | Lair:4   | Reached skill level 6 in Dodging
 10816 | Lair:4   | 10816 ||| INVOKING Heroism.
 11101 | Lair:5   | Entered Level 5 of the Lair of Beasts
 11119 | Lair:5   | 11119 ||| INVOKING Heroism.
 11161 | Lair:5   | 11161 ||| INVOKING Heroism.
 11165 | Lair:5   | Reached skill level 12 in Fighting
 11235 | Lair:5   | 11235 ||| FLEEEEING.
 11290 | Lair:5   | 11290 ||| INVOKING Heroism.
 11384 | Lair:5   | 11384 ||| INVOKING Heroism.
 11431 | Lair:5   | Gained mutation: Your large and strong wings let you fly.
                  | [Gargoyle growth]
 11431 | Lair:5   | Reached XP level 14. HP: 90/92 MP: 21/21
 11464 | Lair:5   | Received a gift from Okawaru
 11486 | Lair:5   | Found a corrupted altar of Lugonu.
 11486 | Lair:5   | Found a one-way gate to the infinite horrors of the Abyss.
 11672 | Lair:5   | 11672 ||| INVOKING Heroism.
 11733 | Lair:5   | 11733 ||| FLEEEEING.
 11734 | Lair:5   | 11734 ||| FLEEEEING.
 11734 | Lair:5   | Found a runed translucent door.
 11735 | Lair:5   | 11735 ||| FLEEEEING.
 11736 | Lair:5   | 11736 ||| FLEEEEING.
 11737 | Lair:5   | 11737 ||| FLEEEEING.
 11740 | Lair:5   | Noticed qw's ghost (journeyman GrFi)
 11740 | Lair:5   | Identified the +4 spear of Uxziuni {freeze, Drain +Blink
                  | Str+3 Dex+8}
 11820 | Lair:5   | 11820 ||| FLEEEEING.
 11989 | Lair:5   | Identified the +2 hat "Taligod" {*Corrode rPois Int+6}
                  | (Okawaru gifted it to you on level 5 of the Lair of Beasts)
 11989 | Lair:5   | Received a gift from Okawaru
 12106 | Lair:5   | 12106 ||| INVOKING Heroism.
 12283 | Lair:5   | 12283 ||| READING scroll of brand weapon.
 12283 | Lair:5   | 12283 ||| BRANDING +3 orcbow of freezing.
 12421 | Lair:5   | Found a viscous altar of Jiyva.
 12429 | Lair:5   | Found a staircase to the Slime Pits.
 12713 | Lair:5   | 12713 ||| DROPPING +1 leather armour of cold resistance.
 12714 | Lair:5   | 12714 ||| PLANNING D:1-11
 12714 | Lair:5   | 12714 ||| DROPPING +2 hat "Taligod" {*Corrode rPois Int+6}.
 12867 | D:9      | Noticed Erica
 12868 | D:9      | 12868 ||| INVOKING Heroism.
 12869 | D:9      | 12869 ||| INVOKING Finesse.
 12883 | D:9      | Killed Erica
 12931 | D:9      | Noticed Joseph
 12942 | D:9      | Killed Joseph
 13260 | D:9      | 13260 ||| Stepping ~*~*~tactically~*~*~ (outnumbered).
 13323 | D:9      | Found a shimmering blue altar of Sif Muna.
 13409 | D:9      | 13409 ||| DROPPING +2 hat.
 13448 | D:10     | Entered Level 10 of the Dungeon
 14007 | D:10     | Found a staircase to the Orcish Mines.
 14023 | D:10     | 14023 ||| FLEEEEING.
 14028 | D:10     | 14028 ||| FLEEEEING.
 14029 | D:10     | 14029 ||| FLEEEEING.
 14030 | D:10     | 14030 ||| FLEEEEING.
 14033 | D:10     | 14033 ||| FLEEEEING.
 14264 | D:10     | Found an opulent altar of Gozag.
 14264 | D:10     | Found a white marble altar of Elyvilon.
 14379 | D:10     | 14379 ||| UPGRADING to +0 troll leather armour.
 14389 | D:10     | 14389 ||| DROPPING +2 steam dragon scales.
 14520 | D:11     | 14520 ||| DRINKING 9 potions of curing.
 14520 | D:11     | 14520 ||| (to cure confusion)
 14529 | D:11     | Reached skill level 15 in Fighting
 14623 | D:11     | 14623 ||| INVOKING Heroism.
 14624 | D:11     | 14624 ||| INVOKING Finesse.
 15459 | D:11     | 15459 ||| PLANNING D
 15459 | D:11     | 15459 ||| DROPPING +1 hat.
 15460 | D:11     | 15460 ||| DROPPING +3 leather armour.
 15461 | D:11     | 15461 ||| READING 6 scrolls of identify.
 15461 | D:11     | 15461 ||| IDENTIFYING red potion
 15540 | D:12     | 15540 ||| INVOKING Heroism.
 15682 | D:12     | 15682 ||| INVOKING Heroism.
 15737 | D:12     | Noticed Lodul
 15746 | D:12     | Killed Lodul
 15770 | D:12     | Reached XP level 15. HP: 104/104 MP: 22/22
 16209 | D:12     | 16209 ||| INVOKING Heroism.
 16326 | D:12     | Reached skill level 9 in Dodging
 16475 | D:13     | Found a basalt altar of Yredelemnul.
 16532 | D:13     | Identified the +1 robe of the Vaults {rF+ Dex+6} (Okawaru
                  | gifted it to you on level 13 of the Dungeon)
 16532 | D:13     | Received a gift from Okawaru
 16683 | D:13     | Identified the +0 helmet "Yxtirofe" {Slay+5}
 16699 | D:13     | Reached skill level 9 in Armour
 16745 | D:13     | 16745 ||| FLEEEEING.
 16933 | D:13     | Found a gate to the Vaults.
 17028 | D:13     | 17028 ||| DROPPING +0 ring mail of fire resistance.
 17029 | D:13     | 17029 ||| UPGRADING to +1 robe of the Vaults {rF+ Dex+6}.
 17039 | D:13     | 17039 ||| DROPPING +0 troll leather armour.
 17040 | D:13     | 17040 ||| UPGRADING to +0 helmet "Yxtirofe" {Slay+5}.
 17050 | D:13     | 17050 ||| DROPPING +2 hat.
 17072 | D:14     | 17072 ||| PLANNING GAUNTLET
 17074 | D:14     | 17074 ||| INVOKING Heroism.
 17075 | D:14     | 17075 ||| Stepping ~*~*~tactically~*~*~ (outnumbered).
 17101 | D:14     | HP: 24/105 [meliai/divine providence (10)]
 17102 | D:14     | 17102 ||| READING 4 scrolls of teleportation.
 17103 | D:14     | 17103 ||| DRINKING potion of heal wounds.
 17107 | D:14     | 17107 ||| READING 3 scrolls of teleportation.
 17111 | D:14     | 17111 ||| READING 2 scrolls of teleportation.
 17113 | D:14     | 17113 ||| INVOKING Heroism.
 17161 | D:14     | 17161 ||| INVOKING Heroism.
 17174 | D:14     | 17174 ||| FLEEEEING.
 17175 | D:14     | 17175 ||| FLEEEEING.
 17176 | D:14     | 17176 ||| FLEEEEING.
 17176 | D:14     | HP: 23/105 [meliai/divine providence (8)]
 17177 | D:14     | 17177 ||| READING scroll of teleportation.
 17188 | D:14     | Hit by a large rock thrown by a cyclops

Levels and vault maps discovered:
D:1:      dpeg_arrival_shrine, layout_basic, minmay_misc_feat_iff
D:2:      layout_basic, minmay_rat_hole
D:3:      layout_loops_corners, serial_rivers, chequers_serial_rivers_micro_e,
          chequers_serial_rivers_large_a, chequers_serial_rivers_micro_c,
          chequers_serial_rivers_micro_d, chequers_serial_rivers_large_b,
          st_stairs_13
D:4:      layout_basic
D:5:      layout_loops_cross, serial_shops, shop
D:6:      layout_basic, makhleb_grotto_becter
D:7:      layout_cave_pools, temple_doors_cd, serial_shops,
          nicolae_shop_tiny_statue_garden, serial_undead, serial_undead_f,
          serial_undead_a, serial_undead_c, serial_undead_d,
          chequers_serial_rivers_micro_c
D:8:      layout_basic, mainiacjoe_overflow_alcove_4,
          grunt_lair_entry_orc_guard_hut, serial_ice, serial_ice_a,
          serial_ice_g, serial_ice_o, serial_ice_e, uniq_psyche
D:9:      cheibrodos_helix_gallery, layout_rooms, lemuel_blue_sif_altar,
          nicolae_nh_ransacked_shop, uniq_joseph, uniq_erica
D:10:     layout_basic, gammafunk_temple_overflow_pools,
          nicolae_figureground_sparkle
D:11:     layout_layer_cave
D:12:     layout_stronghold, drop_trap, nicolae_hexahallways,
          wad_floor_pattern_1, uniq_lodul
D:13:     layout_roguey, david_vaults_1, lemuel_zombie_altar_yredelemnul
D:14:     layout_rooms, portal_ice_cave_entry_pillars_1,
          minmay_misc_feat_pillars, gauntlet_entry_generic, uniq_agnes
Temple:   nicolae_temple_bog_church
Lair:1:   layout_chaotic_city, st_stairs_9, serial_bayou_shore_a,
          lemuel_fruit_tree, infiniplex_staircase_pool_2, uniq_maggie,
          uniq_amaemon, uniq_harold
Lair:2:   gammafunk_worm_tunnel, layout_layer_cave,
          nicolae_snake_entry_warm_welcome, basic_altar, grunt_megastairs_3
Lair:3:   layout_roguey, shoals_dummy_entry, beast_lair_carwin_2,
          uniq_gastronok, uniq_nergalle
Lair:4:   layout_regular_city, uniq_snorg
Lair:5:   hellmonk_lair_end_abyssal_woods, layout_gridlike,
          dpeg_slime_entry_corner, ebering_ghost_funeral_grove,
          eino_house_with_fridge

Skill      XL: |  1  2  3  4  5  6  7  8  9 10 11 12 13 14 15 |
---------------+----------------------------------------------+-----
Ranged Weapons | 3 5 6 8 9 11 12 14 15 16 | 16.0
Fighting       | 2 3 4 6 7 8 9 10 12 15 16 | 16.4
Armour         | 1 2 4 5 7 8 9 |  9.0
Dodging        | 2 3 5 6 8 9 |  9.7
Invocations    | 1 4 6 10 | 10.0
Spellcasting   | |  1.0
Hexes          | |  2.6

Action                     |  1- 3 |  4- 6 |  7- 9 | 10-12 | 13-15 || total
---------------------------+-------+-------+-------+-------+-------++-------
   Fire: Sling             |   132 |   198 |       |       |       ||   330
         Orcbow            |       |       |   225 |   489 |  1272 ||  1986
 Invoke: Heroism           |       |       |     5 |    23 |    21 ||    49
         Finesse           |       |       |       |     1 |     4 ||     5
    Use: Scroll            |     3 |     8 |     5 |     8 |     6 ||    30
         Potion            |     1 |     3 |       |     1 |     2 ||     7
 Armour: Robe              |    19 |    22 |       |       |    11 ||    52
         Leather armour    |       |    12 |       |       |       ||    12
         Ring mail         |       |    46 |    59 |    75 |       ||   180
         Steam dragon scal |       |       |       |    46 |   122 ||   168
         Troll leather arm |       |       |       |       |    64 ||    64
  Dodge: Dodged            |    40 |    94 |    57 |   175 |   531 ||   897
  Block: Other             |       |       |     6 |    48 |   137 ||   191
         Reflection        |       |       |       |     2 |     4 ||     6

Table legend:
 A = Non-vault XP
 B = Vault XP
 C = Vault XP percentage of total XP
 D = Non-vault monster count
 E = Vault monster count
 F = Vault count percentage of total count
                 A         B        C        D         E       F
            +---------+---------+-------+---------+---------+-------
      Total |   81101 |   30063 |  27.0 |     407 |     130 |  24.2
            +---------+---------+-------+---------+---------+-------
        D:1 |      51 |       0 |   0.0 |      30 |       0 |   0.0
        D:2 |      58 |      20 |  25.6 |      18 |      19 |  51.4
        D:3 |      78 |       3 |   3.7 |      13 |       1 |   7.1
        D:4 |     263 |       0 |   0.0 |      17 |       0 |   0.0
        D:5 |     381 |       0 |   0.0 |       8 |       0 |   0.0
        D:6 |     623 |      50 |   7.4 |      10 |       1 |   9.1
        D:7 |    1151 |     475 |  29.2 |      15 |      10 |  40.0
        D:8 |    3355 |    1461 |  30.3 |      14 |       8 |  36.4
        D:9 |    1436 |    1726 |  54.6 |      19 |       7 |  26.9
       D:10 |    2866 |       0 |   0.0 |      22 |       0 |   0.0
       D:11 |    3183 |       0 |   0.0 |      12 |       0 |   0.0
       D:12 |    9401 |    1465 |  13.5 |      32 |       7 |  17.9
       D:13 |    7632 |    3336 |  30.4 |      16 |       6 |  27.3
       D:14 |    7073 |       0 |   0.0 |      18 |       0 |   0.0
     Lair:1 |    7714 |    2562 |  24.9 |      31 |       5 |  13.9
     Lair:2 |    6087 |    3571 |  37.0 |      25 |      11 |  30.6
     Lair:3 |    5070 |    3197 |  38.7 |      12 |       6 |  33.3
     Lair:4 |    9643 |     922 |   8.7 |      42 |       1 |   2.3
     Lair:5 |   15036 |   11275 |  42.9 |      53 |      48 |  47.5
            +---------+---------+-------+---------+---------+-------
